Map: 匹昂台地

Players

二阶堂真红 - Winner!

  • Race: Protoss Protoss
  • League: Platinum

Quail

  • Race: Protoss Protoss
  • League: Diamond

VOD

Have the link to the VOD?

Description

Time

  • Played on: Dec. 7, 2015, 8:58 a.m.
  • Length: 3:12
Show
View Real Time Build Order
Export as new Build Order

二阶堂真红 Protoss - Winner!

Build Orders: Cannon Rush 

Get SALT Encoding   

  12  0:01  Probe (Chrono Boost)  
  13  0:11  Probe (Chrono Boost)  
  14  0:19  Pylon  
  14  0:22  Probe (Chrono Boost)  
  15  0:37  Forge  
  15  0:38  Probe (Chrono Boost)  
  16  0:49  Probe (Chrono Boost)  
  17  0:59  Probe (Chrono Boost)  
  18  1:06  Pylon  
  19  1:11  Probe (Chrono Boost)  
  19  1:14  Pylon  
  19  1:24  Photon Cannon  
  19  1:26  Gateway  
  19  1:32  Probe (Chrono Boost)  
  20  1:40  Photon Cannon  
  20  1:48  Photon Cannon  
  20  1:50  Probe (Chrono Boost)  
  21  2:01  Probe (Chrono Boost)  
  22  2:04  Photon Cannon  
  22  2:17  Probe (Chrono Boost)  
  22  2:21  Gateway  
  23  2:25  Assimilator  
  23  2:27  Probe (Chrono Boost)  
  24  2:38  Probe (Chrono Boost)  
  24  2:39  Assimilator  
  25  3:05  Pylon  
Show
View Real Time Build Order
Export as new Build Order

Quail Protoss 

Build Orders:  

Get SALT Encoding   

  12  0:01  Probe (Chrono Boost)  
  13  0:11  Probe (Chrono Boost)  
  14  0:18  Pylon  
  14  0:23  Probe (Chrono Boost)  
  15  0:36  Probe (Chrono Boost)  
  15  0:42  Pylon  
  16  0:47  Probe (Chrono Boost)  
  17  1:02  Gateway  
  17  1:03  Gateway  
  17  1:12  Gateway  
  17  1:21  Assimilator  
  17  1:27  Gateway  
  17  1:50  Zealot  
  17  1:51  Zealot  
  18  2:05  Zealot  
Tags
 
Add a new tag
Caveats
  • Supply blocks, unpowered buildings, or Contaminate may cause inaccurate times.
  • Supply counts are checked every 10 seconds.